niaha, neutral female gnomish Ranger ---- ---- -----------..------------------ -- -.....^..........<....................| --------------------.)--------- | -- --^%.| . ---...-- -.--.....| |.......-- ---.....-- |..@r..| --.....- |....... .--.....| - --....- ---... -...| ..-- .| -- niaha the Tenderfoot Experience level: 2 Strength: 14 Dexterity: 10 Constitution: 16 Intelligence: 14 Wisdom: 13 Charisma: 8 Health: 0(21) Energy: 9(9) Def: 4 Gold: 347 Moves: 767 Dungeon seed: Kam3Y62eqlA-c7L_ Game ID: niaha_1580945459 Your Inventory: Coins $ - 347 gold pieces Weapons a - an uncursed +1 dagger (weapon in hand) b - an uncursed +1 crossbow (alternate weapon; not wielded) c - 59 uncursed +2 crossbow bolts (in quiver) d - 33 uncursed +0 crossbow bolts Armor e - an uncursed +2 cloak of displacement (being worn) n - an uncursed +0 helm of telepathy (being worn) q - a blessed +1 studded leather armor Comestibles f - 3 uncursed cram rations Scrolls j - 3 uncursed scrolls of identify k - an uncursed scroll of enchant armor m - a blessed scroll of destroy armor Potions h - a cursed potion of gain ability Wands l - an uncursed wand of cancellation (0:4) Spells and supernatural/magical abilities: Name Level Category Cost Memory z - sleep 1 enchantment 17pw 99% W - pray for help -- divine ? -- Your skills at the end: Fighting Skills wands [Basic] Weapon Skills dagger [Basic] crossbow [Basic] Spellcasting Skills Final Attributes: You were piously aligned. You were strongly telepathic. You had automatic searching. You had infravision. You were displaced. Venus was noncommittal. You are dead. Vanquished creatures: a little dog a wererat an iguana 3 giant rats 2 jackals a fox 2 kobolds 2 sewer rats 6 grid bugs a kobold zombie a newt 21 creatures vanquished. Voluntary challenges: You followed a strict vegan diet. You used a wielded weapon 14 times, starting on turn 164. You read items or engraved 3 times, starting on turn 4. You never genocided any monsters. You never polymorphed an object. You never changed form. You used no wishes. You never split a pudding. You wrote Elbereth's name 1 time, starting on turn 728. You never violated your personal moral code. Dungeon overview: The Dungeons of Doom: levels 1 to 3 Level 1 an altar to Mars, some fountains a long staircase Level 2 a general store, a fountain Level 3 a fountain, a vault stairs to The Gnomish Mines The Gnomish Mines: Level 4 <- You were here stairs to The Dungeons of Doom History has recorded: On T:1 you entered the Dungeons of Doom to retrieve the Amulet of Yendor! On T:163 you reached level 2 of The Dungeons of Doom. On T:480 you reached level 3 of The Dungeons of Doom. On T:482 you advanced to experience level 2. On T:704 you reached level 1 of The Gnomish Mines. Score breakdown: Gold: 347 ( 8645 points) Experience: 2 levels ( 5570 points) Exploration: 4 levels ( 8.51%) ( 7661 points) Discoveries: 3 items ( 0.99%) ( 2980 points) Valuables value: (no points given unless you survive) Artifact value: 0 ( 0 points) Variety of kills: 11 monsters ( 2.89%) ( 5104 points) Turncount: 767 turns ( 0 points) Survival: died (score multiplied by 80%) Total score: 23968 Latest messages: The sewer rat bites Sirius. Sirius bites the sewer rat. The sewer rat is killed! c - 5 uncursed +2 crossbow bolts (in quiver). Sirius misses the rabid rat. Sirius bites the rabid rat. The rabid rat bites Sirius. (2x) The rabid rat's bite was poisoned! Sirius is killed by the The rabid rat's bite! You see here a female sewer rat corpse. You miss the rabid rat. The rabid rat bites! You hear a distant squeak. You hit the rabid rat. The rabid rat bites! You write in the dust with your fingers. The rabid rat bites! You hit the rabid rat. The rabid rat bites! The rabid rat's bite was poisoned! You die... For some reason, you think that you can almost hear the Wizard laugh manically... Final status: Goodbye niaha the Ranger, poisoned by a rabid rat... You died in The Gnomish Mines on dungeon level 4 with 23968 points, and 347 pieces of gold, after 767 moves. You were level 2 with a maximum of 21 hit points when you died.